 Dungeon Crawl Stone Soup version 0.23.2-33-g5129a83184 (console) character file.

Game seed: 13572319681846652304

2258 FlyingSalmon the Spear-Bearer (level 9, 0/69 HPs)
             Began as a Merfolk Gladiator on July 27, 2019.
             Was a Follower of the Shining One.
             Incinerated by a smoke demon (7 damage)
             ... with a sticky flame
             ... on level 1 of the Abyss.
             The game lasted 00:19:03 (7626 turns).

FlyingSalmon the Spear-Bearer (Merfolk Gladiator)   Turns: 7626, Time: 00:19:03

Health: 0/69       AC: 14    Str: 17    XL:     9   Next: 38%
Magic:  9/9        EV: 14    Int:  7    God:    the Shining One [*.....]
Gold:   379        SH:  0    Dex: 16    Spells: 8/8 levels left

rFire    . . .     SeeInvis .   a - +1 trident
rCold    . . .     Gourm    .   (no shield)
rNeg     . . .     Faith    .   z - +0 chain mail
rPois    .         Spirit   .   c - +1 helmet
rElec    .         Reflect  .   i - +2 cloak
rCorr    .         Harm     .   (no gloves)
MR       .....                  (no boots)
Stlth    ..........             (no amulet)
HPRegen  0.21/turn              g - +4 ring of evasion
MPRegen  0.11/turn              y - ring of stealth

@: liquid flames, about to teleport, glowing
A: change form in water, swift swim, stealthy swim
a: Renounce Religion


You were on level 1 of the Abyss.
You worshipped the Shining One.
The Shining One was aware of your devotion.
You were not hungry.

You visited 1 branch of the dungeon, and saw 8 of its levels.
You visited the Abyss 1 time.

You collected 504 gold pieces.
You spent 125 gold pieces at shops.

Inventory:

Hand Weapons
 a - a +1 trident (weapon)
Missiles
 d - a throwing net
 j - 246 stones (quivered)
Armour
 c - a +1 helmet (worn)
 i - a +2 cloak (worn)
 z - a +0 chain mail (worn)
Jewellery
 g - a +4 ring of evasion (left hand)
 y - a ring of stealth (right hand)
Wands
 q - a wand of iceblast (19)
 r - a wand of polymorph (10)
Scrolls
 b - a scroll of blinking
 k - a scroll of enchant weapon
 l - 2 scrolls of noise
 m - 7 scrolls of remove curse
 p - 3 scrolls of teleportation
 u - a scroll of identify
 v - 2 scrolls of random uselessness
 x - a scroll of amnesia
Potions
 e - a potion of curing
 h - 5 potions of magic
 n - 2 potions of haste {unknown}
 o - 2 potions of brilliance
 s - 3 potions of berserk rage {unknown}
 t - 4 potions of heal wounds {unknown}
 w - a potion of lignification {unknown}
Comestibles
 f - 9 rations
 A - a chunk of flesh


   Skills:
 + Level 6.2 Fighting
 + Level 13.0 Polearms
 - Level 2.0 Throwing
 + Level 3.9 Armour
 + Level 5.7 Dodging


You had 8 spell levels left.
You didn't know any spells.
Your spell library contained the following spells:

 Spells                   Type           Power        Failure   Level  Hunger
 Freeze                   Ice            #...         100%        1    ##.....
 Throw Frost              Conj/Ice       #.....       100%        2    ###....
 Ozocubu's Armour         Chrm/Ice       #.......     100%        3    ####...
 Summon Ice Beast         Ice/Summ       #.......     100%        4    #####..
 Throw Icicle             Conj/Ice       #.......     100%        4    #####..


Dungeon Overview and Level Annotations

Branches:
Dungeon (8/15)             Temple (0/1) D:5
   Lair: D:8-11

Altars:
Dithmenos
Fedhas
Hepliaklqana
Kikubaaqudgha
Ru
Uskayaw
Vehumet
Wu Jian
Yredelemnul
The Shining One

Shops:
D:7 ?

Annotations:
D:5 3 runed translucent doors, Ceapi's ghost, novice HOBe; Kalimero's ghost, novice MiBe
D:6 exclusion: oklob plant
D:8 Erica; Gastronok; Psyche


Message History

The raiju bursts into living lightning!
The living lightning hits you!
The raiju blinks!
You hit the raiju.
The raiju is lightly wounded.
The raiju bites you but does no damage.
The raiju bursts into living lightning!
The living lightning misses you.
The raiju blinks!
The smoke demon gestures at you. Something smites you!
The raiju bites you but does no damage. The smoke demon gestures at you.
The sticky flame hits you.
You are covered in liquid flames!
You are covered in liquid flames!
* * * LOW HITPOINT WARNING * * *
You are covered in liquid flames!
* * * LOW HITPOINT WARNING * * *
You are covered in liquid flames!
* * * LOW HITPOINT WARNING * * *
You are covered in liquid flames!
You die...

# #.ยง..# ..
#.#.#.#.# . ..
.....### .# #..
.##...##.# #.
#..#...#######
#
##..#3##.....##
...####.h..#.#
## #.###
#..##.### #...
#.#..@.#. ..
### #
##.##.###### #.
# ## #.# #.
###.. ..# # .#.
. ..#. .... ###
.# # ##. #.. #
## # ..# .#.. #
..#. . # . # #.
. ....


There were no monsters in sight!

Vanquished Creatures
  Grinder (D:3)
  A hippogriff (D:8)
  Eustachio (D:4)
  3 phantoms
  A black bear (D:6)
  2 ogres
  A centaur (D:8)
  2 bullfrogs (D:7)
  A wyvern skeleton (D:6)
  4 killer bees (D:7)
  A bullfrog zombie (D:7)
  3 hounds
  2 jellies
  An orc priest (D:5)
  A bullfrog skeleton (D:6)
  4 orc wizards
  Jessica (D:2)
  3 iguanas
  2 worker ants
  A killer bee zombie (D:7)
  A worker ant zombie (D:8)
  Robin (D:3)
  11 adders
  A shadow imp (D:5)
  2 adder zombies
  5 worms
  3 dart slugs
  5 leopard geckos
  18 orcs
  2 ball pythons (D:2)
  4 giant cockroaches
  14 goblins
  11 hobgoblins
  6 jackals
  6 kobolds
  4 quokkas
  9 bats
  5 frilled lizards
  A quokka skeleton (D:4)
  A quokka zombie (D:6)
  5 rats
151 creatures vanquished.

Vanquished Creatures (others)
  A howler monkey (D:8)
1 creature vanquished.

Grand Total: 152 creatures vanquished

Notes
Turn   | Place    | Note
-------+----------+-------------------------------------------
     0 | D:1      | FlyingSalmon the Merfolk Gladiator began the quest for the
                  | Orb.
     0 | D:1      | Reached XP level 1. HP: 16/16 MP: 1/1
   730 | D:1      | Reached XP level 2. HP: 22/22 MP: 2/2
   877 | D:1      | Reached skill level 5 in Polearms
  1217 | D:2      | Reached XP level 3. HP: 25/27 MP: 3/3
  1559 | D:2      | Found an ornate altar of the Wu Jian Council.
  1619 | D:2      | You fall through a shaft for 2 floors!
  1630 | D:4      | Reached XP level 4. HP: 34/34 MP: 4/4
  1786 | D:3      | Noticed a +0 hand axe
  1787 | D:3      | Noticed a +0 hand axe
  1789 | D:3      | Found a hide-covered altar of Uskayaw.
  1811 | D:3      | Reached skill level 6 in Polearms
  1997 | D:3      | Noticed Robin
  2004 | D:3      | Killed Robin
  2024 | D:3      | Noticed Grinder
  2035 | D:3      | Paralysed by Grinder for 6 turns
  2060 | D:3      | Reached skill level 1 in Armour
  2060 | D:3      | Reached skill level 5 in Dodging
  2060 | D:3      | Reached XP level 5. HP: 29/39 MP: 5/5
  2062 | D:3      | Paralysed by Grinder for 3 turns
  2082 | D:3      | Killed Grinder
  2082 | D:3      | Reached skill level 8 in Polearms
  2082 | D:3      | Reached XP level 6. HP: 28/47 MP: 6/6
  2161 | D:3      | Found a basalt altar of Yredelemnul.
  2779 | D:2      | Found a radiant altar of Vehumet.
  2779 | D:2      | Noticed Jessica
  2788 | D:2      | Killed Jessica
  3386 | D:4      | Reached skill level 9 in Polearms
  3386 | D:4      | Reached XP level 7. HP: 46/52 MP: 7/7
  3694 | D:4      | Noticed Eustachio
  3731 | D:4      | Killed Eustachio
  4062 | D:5      | Entered Level 5 of the Dungeon
  4345 | D:5      | Reached skill level 10 in Polearms
  4586 | D:5      | Found a glowing golden altar of the Shining One.
  4590 | D:5      | Became a worshipper of the Shining One
  4869 | D:5      | Found a runed translucent gate.
  4869 | D:5      | Found a runed translucent gate.
  4869 | D:5      | Found a runed translucent gate.
  4869 | D:5      | Noticed Ceapi's ghost (novice HOBe)
  4870 | D:5      | Noticed Kalimero's ghost (novice MiBe)
  4934 | D:5      | Reached XP level 8. HP: 54/61 MP: 8/8
  5025 | D:5      | Found a staircase to the Ecumenical Temple.
  5427 | D:6      | Reached skill level 11 in Polearms
  5495 | D:6      | Found a shadowy altar of Dithmenos.
  5498 | D:6      | Found a glowing golden altar of the Shining One.
  5501 | D:6      | Found an ancient bone altar of Kikubaaqudgha.
  5840 | D:6      | Found a blossoming altar of Fedhas.
  5875 | D:6      | Noticed an oklob plant
  5928 | D:6      | Reached skill level 5 in Fighting
  6249 | D:7      | Found Ewis's Magic Scroll Boutique.
  6263 | D:7      | Bought a scroll of blinking for 75 gold pieces
  6263 | D:7      | Bought a scroll of identify for 20 gold pieces
  6263 | D:7      | Bought a scroll of remove curse for 30 gold pieces
  6343 | D:7      | Reached skill level 12 in Polearms
  6393 | D:7      | Found a hazy altar of Hepliaklqana.
  6417 | D:7      | Reached XP level 9. HP: 68/68 MP: 9/9
  6717 | D:7      | Found a sacrificial altar of Ru.
  6743 | D:7      | Reached * piety under the Shining One
  6998 | D:8      | Reached skill level 13 in Polearms
  7076 | D:8      | Noticed Gastronok
  7191 | D:8      | Noticed a two-headed ogre
  7247 | D:8      | Noticed Psyche
  7563 | D:8      | Noticed Erica
  7566 | D:8      | Cast into level 1 of the Abyss (Psyche)
  7614 | Abyss:1  | Noticed a smoke demon
  7626 | Abyss:1  | Incinerated by a smoke demon

Skill      XL: |  1  2  3  4  5  6  7  8  9 |
---------------+----------------------------+-----
Polearms       | 5 6 8 9 10 12 13 | 13.0
Armour         | 1 2 3 |  3.9
Dodging        | 5 |  5.7
Fighting       | 3 4 5 6 |  6.2
Throwing       | |  2.0

Action                   |  1- 3 |  4- 6 |  7- 9 || total
-------------------------+-------+-------+-------++-------
Melee: Trident           |    88 |   230 |   381 ||   699
Throw: Throwing net      |     3 |       |     1 ||     4
       Stone             |       |     3 |    83 ||    86
  Use: Scroll            |     3 |     2 |    11 ||    16
  Eat: Chunk             |     2 |     6 |     7 ||    15
       Ration            |       |       |     2 ||     2
Armor: Leather armour    |     3 |       |       ||     3
       Ring mail         |     2 |       |       ||     2
       Scale mail        |    22 |    73 |     1 ||    96
       Chain mail        |       |       |   119 ||   119
Dodge: Dodged            |    40 |    97 |   143 ||   280
